 Dungeon Sprint DCSS version 0.15-a0-2099-gfb1bfb9 (webtiles) character file.

37678 N00bl0rd the Blocker (level 13, -9/93 HPs)
             Began as a Gargoyle Fighter on July 14, 2014.
             Was the Champion of Jiyva.
             Mangled by Texuy the pandemonium lord (16 damage)
             ... in the Dungeon (Sprint V: "Ziggurat Sprint").
             The game lasted 00:12:22 (759 turns).

N00bl0rd the Blocker (Gargoyle Fighter)              Turns: 759, Time: 00:12:22

HP  -9/93        AC 47     Str 26      XL: 13   Next: 98%
MP  10/13        EV  6     Int 11      God: Jiyva [******]
Gold 0           SH 33     Dex  9      Spells:  0 memorised, 12 levels left

rFire  + + .     SeeInvis +     K - +14 obsidian axe {chop, +Fly Str+3 SInv Curse}
rCold  + + .     Clarity  +     L - +15 Maxwell's patent armour {rC+ rF+, -Cast -Tele MR+}
rNeg   + + +     rCorr    +     M - +18 shield of the gong {rElec rN+ MR+ EV-5}
rPois  +         rRot     +     H - +2 hat of the Alchemist {rElec rF+ rC+ MR+}
rElec  +         Spirit   .     R - +0 cloak {rPois}
SustAb .         Warding  .     (no gloves)
rMut   .         NoTele   +     N - +2 pair of boots {+Jump}
Gourm  .         NoCast   +     c - amulet of the Four Winds {Clar rN+ MR+++}
MR     +++++                    E - ring "Daskogh" {+Rage rElec rN+ Slay+3 Stlth-}
                                U - ring of regeneration

@: mesmerised, slowed, studying 3 skills, very slow, almost entirely resistant
to hostile enchantments, extremely unstealthy
A: thin metallic scales 1, camouflage 1, negative energy resistance 1,
electricity resistance, unbreathing, eyeballs 3, gelatinous body 3, pseudopods
1, tendrils, jelly sensing items, petrification resistance, rot immunity, AC +9
a: Request Jelly, Jelly Paralyse, Slimify, Cure Bad Mutation, Renounce Religion,
Evoke Berserk Rage, Evoke Flight, Evoke Jump Attack


You were in the Dungeon.
You worshipped Jiyva.
Jiyva was exalted by your worship.
You were completely stuffed.

You visited 1 branch

Inventory:

Hand weapons
 K - the +14 obsidian axe (weapon) {chop, +Fly Str+3 SInv Curse}
   (You found it in the Dungeon)

   It inflicts extra damage upon your enemies.
   It affects your strength (+3).
   It enhances your eyesight.
   It lets you fly.
   It may recurse itself when equipped.
Armour
 H - the +2 hat of the Alchemist (worn) {rElec rF+ rC+ MR+}
   (You found it in the Dungeon)

   It protects you from fire.
   It protects you from cold.
   It insulates you from electricity.
   It affects your resistance to hostile enchantments.
 L - the +15 Maxwell's patent armour (worn) {rC+ rF+, -Cast -Tele MR+}
   (You found it in the Dungeon)

   It affects your resistance to hostile enchantments.
   It prevents spellcasting.
   It prevents most forms of teleportation.
 M - the +18 shield of the gong (worn) {rElec rN+ MR+ EV-5}
   (You found it in the Dungeon)

   It affects your evasion (-5).
   It insulates you from electricity.
   It protects you from negative energy.
   It affects your resistance to hostile enchantments.
 N - a +2 pair of boots of jumping (worn)
 R - a +0 cloak of poison resistance (worn)
Magical devices
 y - a wand of disintegration (7)
 B - a wand of fire (5)
 C - a wand of cold (5)
 D - a wand of draining (5)
 O - a wand of hasting (7)
Comestibles
 d - 5 bread rations
 l - 42 fruits
 m - 4 meat rations
Scrolls
 a - 2 scrolls of brand weapon
 k - 4 scrolls of blinking
 n - 4 scrolls of amnesia
 o - 3 scrolls of recharging
 p - 8 scrolls of fog
 q - a scroll of holy word
 r - 5 scrolls of identify
 s - 4 scrolls of remove curse
 t - 2 scrolls of fear
 J - 4 scrolls of enchant armour
Jewellery
 c - the amulet of the Four Winds (around neck) {Clar rN+ MR+++}
   (You found it in the Dungeon)

   [amulet of clarity]

   It provides mental clarity.
   It protects you from negative energy.
   It affects your resistance to hostile enchantments.
 E - the ring "Daskogh" (right hand) {+Rage rElec rN+ Slay+3 Stlth-}
   (You found it in the Dungeon)

   [ring of loudness]

   It affects your accuracy and damage with ranged weapons and melee attacks
   (+3).
   It insulates you from electricity.
   It protects you from negative energy.
   It lets you go berserk.
   It makes you less stealthy.
 P - the amulet "Motimol" {Spirit Str+4 Int+3}
   (You found it in the Dungeon)

   [amulet of guardian spirit]

   It causes incoming damage to be split between your health and magic.
   It affects your strength (+4).
   It affects your intelligence (+3).
 U - a ring of regeneration (left hand)
Potions
 e - 6 potions of might
 f - 10 potions of curing
 g - 10 potions of heal wounds
 h - 8 potions of haste
 i - 7 potions of magic
 j - 3 potions of berserk rage
 u - 2 potions of brilliance
 v - 2 potions of invisibility
 w - 2 potions of restore abilities
 x - 4 potions of resistance
 z - a potion of experience
 A - 6 potions of agility
Books
 F - a manual of Fire Magic
 G - a manual of Stealth
 Q - a manual of Spellcasting
Rods
 T - a +5 rod of inaccuracy (14/14)
   (You found it in the Dungeon)


   Skills:
 + Level 15.6 Fighting
 * Level 17.9 Axes
 + Level 15.6 Armour
 * Level 15.9 Dodging
 + Level 18.1 Shields


You had 12 spell levels left.
You didn't know any spells.

Dungeon Overview and Level Annotations

Branches:
Dungeon (1/1)

Altars:
Ashenzari
Cheibriados
Dithmenos
Elyvilon
Fedhas
Gozag
Kikubaaqudgha
Makhleb
Nemelex Xobeh
Okawaru
Qazlal
Sif Muna
Trog
Vehumet
Xom
Yredelemnul
Zin
The Shining One
Beogh
Jiyva
Lugonu


Innate Abilities, Weirdness & Mutations

You are resistant to torment.
You are immune to poison.
Your stone body is very resilient (AC +9).
You resist negative energy.
You are resistant to electric shocks.
You can survive without breathing.
You are immune to petrification.
You are immune to rotting.
You are partially covered in thin metallic scales (AC +2).
Your skin changes colour to match your surroundings (Stealth).
Your body is completely covered in golden eyeballs (Acc +7, SInv).
Your gelatinous body deflects attacks (AC +2, EV +2).
Armour fits poorly on your pseudopods.
Thin tendrils of slime have grown from your body.
You have a small jelly attached to you that senses nearby items.


Message History

Visions of slaying Ukepteviurch flood into your mind.
Your soul eater disappears in a puff of smoke!
Texuy hits you but does no damage. You block Ukepteviurch's attack.
PANG!
Pemuj hits you.
* * * LOW HITPOINT WARNING * * *
Zaipluhu gestures at you. You resist with almost no effort.
The ynoxinul gestures.
Ghaxtykk sneers, "I will devour thy throat!"
You block the red devil's attack.
SHROANNG!
The golden dragon bites you!
* * * LOW HITPOINT WARNING * * *
The golden dragon is healed.
You resist. You block the golden dragon's attack.
BOUMMMMG!
The golden dragon tramples you but does no damage.
The ice devil hits you but does no damage.
Texuy hits you!
You die... ©88_8_8_▓ ...8©8... ▓.....8© ..=))..8▓ :"}|)}":|}[

▓..:|33} ......._▓ ..[}|:)G.=}[.
▓....[}: .......8▓
.D....5........▓.......
......._▓▓...4.&&65......▓.......
...J...8▓▓...&&X3343.....▓.......
......._▓▓....3&445......▓.......
.......8▓▓...5D3&DDX.....▓.......
......._▓▓...55&@&3H.....▓..▓....
.......8▓▓....33D&3......▓.▓▓▓...
8_8_8_8_▓▓...▓.§.4...▓...▓..▓....
▓▓▓▓▓▓▓▓▓▓..▓.▓.....▓.▓..▓.......
.. ▓...▓.......▓...▓....... .
▓...............▓▓▓▓▓▓▓▓
▓...............▓.....8© ...
▓▓▓▓▓▓▓▓▓▓▓▓▓▓▓▓▓...33." .
▓..=}3)|


You could see Ghaxtykk, Hyaklup, Kemorar, Pemuj, Stuagha, Texuy, Ukepteviurch,
Xaecudo, Zaipluhu, a shadow dragon, an iron dragon, a golden dragon, a storm
dragon, an infernal black sun, a seven-headed hydra, 3 ice devils, an orange
demon, a manticore, 2 large abominations, an iron devil, a smoke demon, a blue
devil, a neqoxec, a ynoxinul, a red devil, an iron imp, a white imp, a shadow
imp, 3 ufetubi, a neutral great orb of eyes (fellow slime), a friendly ice
devil, a friendly sun demon, a friendly chaos spawn and a friendly red devil.

Vanquished Creatures
  A draconian monk (D)
  3 shadow dragons (D)
  2 fire giants (D)
  3 grey draconians (D)
  A draconian caller (D)
  2 green draconians (D)
  A mottled draconian (D)
  A pale draconian (D)
  2 fire dragons (D)
  2 naga warriors (D)
  An anaconda (D)
  A hell hog (D)
  9 soul eaters (D)
  A cyclops (D)
  2 guardian serpents (D)
  2 hellions (D)
  2 naga magi (D)
  2 spiny frogs (D)
  A tormentor (D)
  2 black mambas (D)
  A komodo dragon (D)
  2 guardian mummies (D)
  A red devil (D)
  An efreet (D)
  3 fire drakes (D)
  4 merfolk (D)
  A fire vortex (D)
  A wind drake (D)
  A basilisk (D)
  A jumping spider (D)
  A ynoxinul (D)
  A tarantella (D)
  2 fire elementals (D)
  A shadow (D)
  2 wolves (D)
  2 nagas (D)
  4 water moccasins (D)
  5 hell hounds (D)
  3 porcupines (D)
  A phantom (D)
  3 necrophages (D)
  A boring beetle (D)
  4 crocodiles (D)
  2 giant frogs (D)
  2 centaurs (D)
  A hell hound zombie (D)
  A wight (D)
  2 iguanas (D)
  2 mummies (D)
  A green rat (D)
  2 shadow imps (D)
  4 adders (D)
  A giant mite (D)
  A spectral adder (D)
  An ufetubus (D)
  2 adder zombies (D)
  3 spectral gnolls (D)
  A spectral bat (D)
  2 ball pythons (D)
  3 bat skeletons (D)
  A bat zombie (D)
  A jackal (D)
  A quokka (D)
  A ball python skeleton (D)
  A ball python zombie (D)
  2 giant gecko skeletons (D)
  2 giant newt zombies (D)
  A goblin skeleton (D)
  3 goblin zombies (D)
  2 hobgoblin skeletons (D)
  2 hobgoblin zombies (D)
  A jackal skeleton (D)
  A kobold skeleton (D)
  A kobold zombie (D)
  3 rat skeletons (D)
  A spectral giant newt (D)
  A spectral jackal (D)
  2 spectral kobolds (D)
145 creatures vanquished.

Vanquished Creatures (collateral kills)
  A draconian scorcher (D)
  A draconian shifter (D)
  A yellow draconian (D)
  A hydra (D)
  A soul eater (D)
  A cyclops (D)
  A red devil (D)
  A hippogriff (D)
  2 mummies (D)
  A worm zombie (D)
  An adder zombie (D)
  A giant newt zombie (D)
  A kobold zombie (D)
  A quokka skeleton (D)
15 creatures vanquished.

Vanquished Creatures (others)
  An orange demon (D)
  An iron devil (D)
  A hellwing (D)
  A chaos spawn (D)
  4 jellies (D)
  An adder (D)
  A giant newt skeleton (D)
  2 rat zombies (D)
  A spectral goblin (D)
13 creatures vanquished.

Grand Total: 173 creatures vanquished

Notes
Turn   | Place    | Note
--------------------------------------------------------------
     0 | D        | N00bl0rd, the Gargoyle Fighter, began the quest for the Orb.
     0 | D        | Reached XP level 1. HP: 14/14 MP: 1/1
     0 | D        | Found an ancient bone altar of Kikubaaqudgha.
     1 | D        | Found a basalt altar of Yredelemnul.
     1 | D        | Found an iron altar of Okawaru.
     2 | D        | Found a radiant altar of Vehumet.
     2 | D        | Found a shimmering altar of Xom.
     4 | D        | Found a burning altar of Makhleb.
    13 | D        | Found a corrupted altar of Lugonu.
    13 | D        | Found a white marble altar of Elyvilon.
    13 | D        | Found a deep blue altar of Sif Muna.
    14 | D        | Found a roughly hewn altar of Beogh.
    14 | D        | Found a sparkling altar of Nemelex Xobeh.
    22 | D        | Found a bloodstained altar of Trog.
   128 | D        | Became a worshipper of Jiyva Jolyud the Shapeless
   134 | D        | Acquired Jiyva's first power
   134 | D        | Acquired Jiyva's second power
   136 | D        | Gained mutation: You can spit poison. [Jiyva's grace]
   136 | D        | Acquired Jiyva's third power
   138 | D        | Entered arena 1.
   138 | D        | Noticed a wolf
   138 | D        | Noticed a porcupine
   138 | D        | Gained mutation: Your spells are a little harder to cast, but a little more powerful. [Jiyva's grace]
   138 | D        | Acquired Jiyva's fourth power
   139 | D        | Killed a wolf
   139 | D        | Reached skill level 5 in Fighting
   139 | D        | Reached skill level 5 in Axes
   139 | D        | Reached skill level 5 in Armour
   139 | D        | Reached skill level 5 in Shields
   139 | D        | Reached XP level 2. HP: 18/21 MP: 2/2
   139 | D        | Reached XP level 3. HP: 22/26 MP: 3/3
   139 | D        | Reached XP level 4. HP: 26/31 MP: 4/4
   139 | D        | Reached XP level 5. HP: 29/35 MP: 5/5
   142 | D        | Killed a porcupine
   142 | D        | Reached skill level 6 in Fighting
   142 | D        | Reached XP level 6. HP: 33/41 MP: 6/6
   143 | D        | Gained mutation: You are dopey. (Int -2) [Jiyva's grace]
   143 | D        | Gained mutation: You are robust (+10% HP). [Jiyva's grace]
   143 | D        | Gained mutation: You are very robust (+20% HP). [Jiyva's grace]
   143 | D        | Gained mutation: You have acidic saliva. [Jiyva's grace]
   143 | D        | Gained mutation: You can translocate small distances at will. [Jiyva's grace]
   144 | D        | Gained mutation: Your muscles are strong. (Str +2) [Jiyva's grace]
   148 | D        | Entered arena 2.
   148 | D        | Noticed a jumping spider
   148 | D        | Noticed a tarantella
   149 | D        | Gained mutation: You are resistant to hostile enchantments. [Jiyva's grace]
   149 | D        | Lost mutation: You are resistant to hostile enchantments. [Jiyva's grace]
   150 | D        | Lost mutation: You are dopey. (Int -2) [Jiyva's grace]
   150 | D        | Gained mutation: You have large cloven feet. [Jiyva's grace]
   150 | D        | Gained mutation: You are partially covered in icy blue scales (AC +1). [Jiyva's grace]
   150 | D        | Lost mutation: You are partially covered in icy blue scales (AC +1). [Jiyva's grace]
   150 | D        | Lost mutation: You have acidic saliva. [Jiyva's grace]
   150 | D        | Lost mutation: You can spit poison. [Jiyva's grace]
   150 | D        | Lost mutation: You can translocate small distances at will. [Jiyva's grace]
   150 | D        | Lost mutation: Your muscles are strong. (Str +2) [Jiyva's grace]
   151 | D        | Lost mutation: You have large cloven feet. [Jiyva's grace]
   151 | D        | Gained mutation: Your spells are harder to cast, but more powerful. [Jiyva's grace]
   151 | D        | Gained mutation: Your spells are much harder to cast, but much more powerful. [Jiyva's grace]
   151 | D        | Gained mutation: You are extremely robust (+30% HP). [Jiyva's grace]
   152 | D        | Killed a jumping spider
   152 | D        | Reached skill level 7 in Fighting
   152 | D        | Killed a tarantella
   152 | D        | Reached skill level 8 in Axes
   152 | D        | Reached skill level 5 in Dodging
   152 | D        | Reached XP level 7. HP: 54/62 MP: 7/7
   152 | D        | Lost mutation: Your spells are much harder to cast, but much more powerful. [Jiyva's grace]
   152 | D        | Lost mutation: You are extremely robust (+30% HP). [Jiyva's grace]
   152 | D        | Lost mutation: Your spells are harder to cast, but more powerful. [Jiyva's grace]
   152 | D        | Lost mutation: Your spells are a little harder to cast, but a little more powerful. [Jiyva's grace]
   153 | D        | Gained mutation: You are partially covered in large bone plates (AC +2, SH +2). [Jiyva's grace]
   156 | D        | Gained mutation: You are extremely robust (+30% HP). [Jiyva's grace]
   159 | D        | Got the ring of Tikaoloe {Slay-1 Stlth+}
   161 | D        | Entered arena 3.
   161 | D        | Noticed a porcupine
   161 | D        | Noticed a wolf
   164 | D        | Killed a wolf
   165 | D        | Killed a porcupine
   165 | D        | Reached skill level 9 in Axes
   165 | D        | Gained mutation: You can translocate small distances at will. [Jiyva's grace]
   170 | D        | Lost mutation: You can translocate small distances at will. [Jiyva's grace]
   170 | D        | Gained mutation: Your flesh is cold resistant. [Jiyva's grace]
   172 | D        | Gained mutation: You are clumsy. (Dex -2) [Jiyva's grace]
   173 | D        | Entered arena 4.
   173 | D        | Noticed a slime creature
   173 | D        | Noticed a golden eye
   173 | D        | Gained mutation: You have sharp toenails. [Jiyva's grace]
   173 | D        | Gained mutation: You passively map a small area around you. [Jiyva's grace]
   173 | D        | Gained mutation: Your mind is acute. (Int +2) [Jiyva's grace]
   175 | D        | Lost mutation: You are clumsy. (Dex -2) [Jiyva's grace]
   175 | D        | Lost mutation: Your mind is acute. (Int +2) [Jiyva's grace]
   176 | D        | Lost mutation: Your flesh is cold resistant. [Jiyva's grace]
   176 | D        | Gained mutation: Your wings are large and strong. [Jiyva's grace]
   176 | D        | Gained mutation: You have acidic saliva. [Jiyva's grace]
   177 | D        | Lost mutation: You are extremely robust (+30% HP). [Jiyva's grace]
   177 | D        | Gained mutation: Your natural rate of healing is unusually fast. [Jiyva's grace]
   177 | D        | Lost mutation: You have acidic saliva. [Jiyva's grace]
   178 | D        | Lost mutation: You have sharp toenails. [Jiyva's grace]
   179 | D        | Got the ring "Onepokke" {Str+4 Int+3}
   182 | D        | Entered arena 5.
   182 | D        | Noticed a hell hound
   182 | D        | Noticed a hell hound
   183 | D        | Gained mutation: You have a small jelly attached to you that senses nearby items. [Jiyva's grace]
   185 | D        | Killed a hell hound
   185 | D        | Reached XP level 8. HP: 63/66 MP: 8/8
   187 | D        | Killed a hell hound
   188 | D        | Gained mutation: You evolve. [Jiyva's grace]
   194 | D        | Lost mutation: You are very robust (+20% HP). [Jiyva's grace]
   198 | D        | Entered arena 6.
   198 | D        | Noticed an eye of devastation
   198 | D        | Noticed a golden eye
   198 | D        | Noticed a jelly
   198 | D        | Noticed a jelly
   198 | D        | Noticed a jelly
   198 | D        | Noticed a jelly
   198 | D        | Gained mutation: Armour fits poorly on your pseudopods. [Jiyva's grace]
   198 | D        | Gained mutation: Your spells are a little harder to cast, but a little more powerful. [Jiyva's grace]
   198 | D        | Gained mutation: Armour fits poorly on your large pseudopods. [Jiyva's grace]
   202 | D        | Gained mutation: Your spells are harder to cast, but more powerful. [Jiyva's grace]
   207 | D        | Lost mutation: Your wings are large and strong. [Jiyva's grace]
   210 | D        | Got the ring "Daskogh" {+Rage rElec rN+ Slay+3 Stlth-}
   213 | D        | Gained mutation: You are agile. (Dex +2) [Jiyva's grace]
   215 | D        | Entered arena 7.
   215 | D        | Noticed a guardian mummy
   215 | D        | Noticed a guardian mummy
   218 | D        | Lost mutation: You are robust (+10% HP). [Jiyva's grace]
   221 | D        | Killed a guardian mummy
   224 | D        | Killed a guardian mummy
   224 | D        | Reached skill level 10 in Axes
   224 | D        | Reached skill level 10 in Shields
   225 | D        | Gained mutation: You are covered in fur (AC +1). [Jiyva's grace]
   228 | D        | Gained mutation: Armour fits poorly on your massive pseudopods. [Jiyva's grace]
   228 | D        | Lost mutation: Armour fits poorly on your massive pseudopods. [Jiyva's grace]
   231 | D        | Gained mutation: You possess an exceptional clarity of mind. [Jiyva's grace]
   232 | D        | Got the amulet "Vajugune" {Stasis Str+3 Int-3}
   240 | D        | Entered arena 8.
   240 | D        | Noticed a wight
   240 | D        | Noticed a phantom
   240 | D        | Noticed a necrophage
   241 | D        | Lost mutation: You evolve. [Jiyva's grace]
   243 | D        | Killed a necrophage
   245 | D        | Killed a wight
   245 | D        | Lost mutation: You have a small jelly attached to you that senses nearby items. [Jiyva's grace]
   247 | D        | Killed a phantom
   247 | D        | Reached XP level 9. HP: 60/60 MP: 9/9
   248 | D        | Gained mutation: Your muscles are strong. (Str +2) [Jiyva's grace]
   253 | D        | Gained mutation: You have a small jelly attached to you that senses nearby items. [Jiyva's grace]
   255 | D        | Lost mutation: You possess an exceptional clarity of mind. [Jiyva's grace]
   258 | D        | Gained mutation: Armour fits poorly on your massive pseudopods. [Jiyva's grace]
   262 | D        | Gained mutation: You are robust (+10% HP). [Jiyva's grace]
   263 | D        | Entered arena 9.
   263 | D        | Noticed a merfolk
   263 | D        | Noticed a merfolk
   263 | D        | Noticed a merfolk
   263 | D        | Noticed a centaur
   263 | D        | Noticed a cyclops
   263 | D        | Noticed a merfolk
   263 | D        | Noticed a centaur
   263 | D        | Noticed a cyclops
   268 | D        | Killed a centaur
   269 | D        | Killed a merfolk
   269 | D        | Killed a merfolk
   269 | D        | Reached skill level 11 in Shields
   269 | D        | Lost mutation: Your spells are harder to cast, but more powerful. [Jiyva's grace]
   271 | D        | Killed a merfolk
   271 | D        | Killed a cyclops
   271 | D        | Reached skill level 10 in Fighting
   271 | D        | Reached skill level 10 in Armour
   272 | D        | Lost mutation: You are agile. (Dex +2) [Jiyva's grace]
   274 | D        | Killed a centaur
   274 | D        | Killed a merfolk
   274 | D        | Reached skill level 12 in Shields
   275 | D        | Lost mutation: Your natural rate of healing is unusually fast. [Jiyva's grace]
   277 | D        | Lost mutation: Your spells are a little harder to cast, but a little more powerful. [Jiyva's grace]
   278 | D        | Killed a cyclops
   278 | D        | Reached XP level 10. HP: 72/74 MP: 10/10
   278 | D        | Gained mutation: You have acidic saliva. [Jiyva's grace]
   280 | D        | Lost mutation: Your muscles are strong. (Str +2) [Jiyva's grace]
   280 | D        | Lost mutation: You are covered in fur (AC +1). [Jiyva's grace]
   281 | D        | Gained mutation: Thin tendrils of slime have grown from your body. [Jiyva's grace]
   282 | D        | Gained mutation: You have large cloven feet. [Jiyva's grace]
   282 | D        | Lost mutation: Thin tendrils of slime have grown from your body. [Jiyva's grace]
   283 | D        | Gained mutation: You have supernaturally acute eyesight. [Jiyva's grace]
   286 | D        | Lost mutation: You have large cloven feet. [Jiyva's grace]
   289 | D        | Lost mutation: You have acidic saliva. [Jiyva's grace]
   292 | D        | Entered arena 10.
   292 | D        | Noticed a hell hound
   292 | D        | Noticed a hell hound
   293 | D        | Noticed a hell hound
   293 | D        | Killed a hell hound
   293 | D        | Gained mutation: Your body is partially covered in golden eyeballs (Acc +3). [Jiyva's grace]
   297 | D        | Gained mutation: You have a pair of small horns on your head. [Jiyva's grace]
   299 | D        | Killed a hell hound
   300 | D        | Killed a hell hound
   301 | D        | Gained mutation: Your spells are a little harder to cast, but a little more powerful. [Jiyva's grace]
   306 | D        | Gained mutation: Your rubbery body absorbs attacks (AC +1). [Jiyva's grace]
   308 | D        | Gained mutation: You have acidic saliva. [Jiyva's grace]
   311 | D        | Lost mutation: You are robust (+10% HP). [Jiyva's grace]
   318 | D        | Gained mutation: You have very sharp teeth. [Jiyva's grace]
   320 | D        | Entered arena 11.
   320 | D        | Noticed a hellion
   320 | D        | Noticed a red devil
   320 | D        | Noticed a tormentor
   320 | D        | Noticed a red devil
   320 | D        | Noticed a necrophage
   321 | D        | Noticed a hellion
   321 | D        | Noticed a necrophage
   321 | D        | Lost mutation: Your spells are a little harder to cast, but a little more powerful. [Jiyva's grace]
   323 | D        | Killed a tormentor
   324 | D        | Killed a necrophage
   325 | D        | Killed a hellion
   325 | D        | Reached skill level 10 in Dodging
   326 | D        | Killed a hellion
   326 | D        | Reached skill level 13 in Shields
   328 | D        | Killed a red devil
   328 | D        | Lost mutation: You have acidic saliva. [Jiyva's grace]
   329 | D        | Killed a necrophage
   332 | D        | Killed a red devil
   332 | D        | Gained mutation: Your pliable body absorbs attacks (AC +1, EV +1). [Jiyva's grace]
   334 | D        | Gained mutation: Your gelatinous body deflects attacks (AC +2, EV +2). [Jiyva's grace]
   334 | D        | Gained mutation: You have acidic saliva. [Jiyva's grace]
   334 | D        | Gained mutation: Thin tendrils of slime have grown from your body. [Jiyva's grace]
   349 | D        | Lost mutation: You have a pair of small horns on your head. [Jiyva's grace]
   360 | D        | Lost mutation: You passively map a small area around you. [Jiyva's grace]
   362 | D        | Entered arena 12.
   362 | D        | Noticed a fire giant
   362 | D        | Noticed a fire drake
   362 | D        | Noticed a fire drake
   362 | D        | Noticed a fire dragon
   362 | D        | Noticed a fire vortex
   362 | D        | Noticed a fire elemental
   362 | D        | Noticed an efreet
   362 | D        | Noticed a fire dragon
   363 | D        | Noticed a fire giant
   363 | D        | Noticed a fire elemental
   364 | D        | Noticed a hell hog
   367 | D        | Killed a fire vortex
   368 | D        | Killed a fire elemental
   370 | D        | Killed a fire elemental
   371 | D        | Killed an efreet
   372 | D        | Killed a fire giant
   372 | D        | Reached skill level 14 in Shields
   372 | D        | Reached XP level 11. HP: 73/76 MP: 11/11
   373 | D        | Killed a fire dragon
   374 | D        | Killed a fire drake
   374 | D        | Killed a hell hog
   375 | D        | Killed a fire drake
   375 | D        | Lost mutation: You have supernaturally acute eyesight. [Jiyva's grace]
   377 | D        | Killed a fire dragon
   377 | D        | Reached skill level 15 in Shields
   380 | D        | Killed a fire giant
   391 | D        | Lost mutation: You have very sharp teeth. [Jiyva's grace]
   399 | D        | Lost mutation: Armour fits poorly on your massive pseudopods. [Jiyva's grace]
   401 | D        | Entered arena 13.
   401 | D        | Noticed a grey draconian
   401 | D        | Noticed a yellow draconian shifter
   401 | D        | Noticed a mottled draconian
   402 | D        | Noticed a grey draconian
   402 | D        | Noticed a green draconian
   402 | D        | Noticed a mottled draconian monk
   402 | D        | Noticed a green draconian
   402 | D        | Noticed a grey draconian
   403 | D        | Noticed a pale draconian
   403 | D        | Noticed a yellow draconian
   403 | D        | Noticed a red draconian scorcher
   404 | D        | Noticed a yellow draconian caller
   406 | D        | Killed a mottled draconian
   408 | D        | Killed a grey draconian
   411 | D        | Killed a grey draconian
   411 | D        | Reached XP level 12. HP: 72/84 MP: 12/12
   411 | D        | Killed a green draconian
   411 | D        | Reached skill level 16 in Shields
   411 | D        | Killed a green draconian
   411 | D        | Reached skill level 15 in Axes
   413 | D        | Lost mutation: You are partially covered in large bone plates (AC +2, SH +2). [Jiyva's grace]
   414 | D        | Killed a red draconian scorcher
   416 | D        | Killed a pale draconian
   419 | D        | Killed a grey draconian
   421 | D        | Killed a yellow draconian caller
   421 | D        | Killed a yellow draconian
   427 | D        | Killed a yellow draconian shifter
   428 | D        | Killed a mottled draconian monk
   429 | D        | Gained mutation: You possess an exceptional clarity of mind. [Jiyva's grace]
   436 | D        | Got the ring "Voarhosh" {rC+ Str-3}
   442 | D        | Lost mutation: Your gelatinous body deflects attacks (AC +2, EV +2). [Jiyva's grace]
   454 | D        | Got the ring of Cowardice {Str+2 Dex+1 Stlth+}
   459 | D        | Gained mutation: Your skin is partially translucent. [Jiyva's grace]
   468 | D        | Lost mutation: Armour fits poorly on your large pseudopods. [Jiyva's grace]
   470 | D        | Entered arena 14.
   470 | D        | Noticed a shadow dragon
   471 | D        | Noticed a soul eater
   471 | D        | Noticed a soul eater
   471 | D        | Noticed a soul eater
   472 | D        | Noticed a shadow dragon
   479 | D        | Lost mutation: You have acidic saliva. [Jiyva's grace]
   482 | D        | Killed a soul eater
   484 | D        | Killed a soul eater
   486 | D        | Killed a shadow dragon
   486 | D        | Reached skill level 17 in Shields
   486 | D        | Reached XP level 13. HP: 89/91 MP: 13/13
   490 | D        | Killed a soul eater
   493 | D        | Killed a shadow dragon
   496 | D        | Gained mutation: You are agile. (Dex +2) [Jiyva's grace]
   510 | D        | Gained mutation: Your body is mostly covered in golden eyeballs (Acc +5). [Jiyva's grace]
   526 | D        | Entered arena 15.
   526 | D        | Noticed a soul eater
   526 | D        | Lost mutation: You possess an exceptional clarity of mind. [Jiyva's grace]
   527 | D        | Noticed a soul eater
   527 | D        | Noticed a shadow dragon
   536 | D        | Killed a soul eater
   537 | D        | Lost mutation: You are agile. (Dex +2) [Jiyva's grace]
   537 | D        | Gained mutation: Your body is completely covered in golden eyeballs (Acc +7, SInv). [Jiyva's grace]
   537 | D        | Gained mutation: Your gelatinous body deflects attacks (AC +2, EV +2). [Jiyva's grace]
   540 | D        | Killed a soul eater
   543 | D        | Killed a shadow dragon
   544 | D        | Gained mutation: You are agile. (Dex +2) [Jiyva's grace]
   555 | D        | Lost mutation: You are agile. (Dex +2) [Jiyva's grace]
   564 | D        | Entered arena 16.
   566 | D        | Noticed a soul eater
   567 | D        | Noticed a soul eater
   567 | D        | Noticed a soul eater
   567 | D        | Noticed a soul eater
   567 | D        | Gained mutation: You are partially covered in thin metallic scales (AC +2). [Jiyva's grace]
   568 | D        | Noticed a soul eater
   575 | D        | Killed a soul eater
   576 | D        | Killed a soul eater
   576 | D        | Reached skill level 15 in Dodging
   577 | D        | Gained mutation: You are agile. (Dex +2) [Jiyva's grace]
   578 | D        | Killed a soul eater
   578 | D        | Reached skill level 15 in Fighting
   578 | D        | Killed a soul eater
   580 | D        | Killed a soul eater
   580 | D        | Reached skill level 15 in Armour
   587 | D        | Lost mutation: You are agile. (Dex +2) [Jiyva's grace]
   596 | D        | Got the +1 pair of gloves "Giyn" {Str-2 Int+3}
   605 | D        | Gained mutation: Your spells are a little harder to cast, but a little more powerful. [Jiyva's grace]
   607 | D        | Entered arena 17.
   609 | D        | Noticed a water moccasin
   609 | D        | Noticed a guardian serpent
   610 | D        | Noticed a naga
   610 | D        | Noticed a guardian serpent
   610 | D        | Noticed a black mamba
   610 | D        | Noticed a naga warrior
   610 | D        | Killed a naga
   611 | D        | Noticed a naga mage
   611 | D        | Noticed a naga mage
   611 | D        | Noticed an anaconda
   611 | D        | Noticed a water moccasin
   611 | D        | Noticed a black mamba
   611 | D        | Noticed a naga
   611 | D        | Noticed a naga warrior
   612 | D        | Noticed a water moccasin
   613 | D        | Killed a black mamba
   615 | D        | Killed an anaconda
   617 | D        | Killed a guardian serpent
   618 | D        | Killed a black mamba
   619 | D        | Killed a water moccasin
   620 | D        | Killed a guardian serpent
   621 | D        | Killed a naga mage
   622 | D        | Killed a water moccasin
   624 | D        | Killed a naga
   624 | D        | Killed a water moccasin
   627 | D        | Killed a naga mage
   631 | D        | Killed a naga warrior
   632 | D        | Killed a naga warrior
   639 | D        | Gained mutation: You are somewhat resistant to further mutation. [Jiyva's grace]
   652 | D        | Lost mutation: Your skin is partially translucent. [Jiyva's grace]
   652 | D        | Gained mutation: Your skin changes colour to match your surroundings (Stealth). [Jiyva's grace]
   660 | D        | Lost mutation: Your spells are a little harder to cast, but a little more powerful. [Jiyva's grace]
   670 | D        | Gained mutation: You have a pair of small horns on your head. [Jiyva's grace]
   681 | D        | Lost mutation: You have a pair of small horns on your head. [Jiyva's grace]
   692 | D        | Entered arena 18.
   694 | D        | Noticed a crocodile
   694 | D        | Noticed a boring beetle
   695 | D        | Noticed a giant frog
   695 | D        | Noticed a basilisk
   695 | D        | Noticed a spiny frog
   695 | D        | Noticed a crocodile
   695 | D        | Noticed a giant frog
   695 | D        | Noticed a spiny frog
   695 | D        | Noticed a water moccasin
   695 | D        | Noticed an eight-headed hydra
   695 | D        | Lost mutation: You are somewhat resistant to further mutation. [Jiyva's grace]
   695 | D        | Gained mutation: You evolve. [Jiyva's grace]
   696 | D        | Noticed a crocodile
   696 | D        | Noticed an iguana
   696 | D        | Noticed a komodo dragon
   696 | D        | Noticed a hippogriff
   696 | D        | Noticed an iguana
   696 | D        | Noticed a crocodile
   696 | D        | Noticed a porcupine
   699 | D        | Killed a water moccasin
   701 | D        | Killed a crocodile
   701 | D        | Killed a spiny frog
   701 | D        | Killed a ten-headed hydra
   701 | D        | Reached skill level 18 in Shields
   703 | D        | Killed a komodo dragon
   704 | D        | Killed a crocodile
   704 | D        | Killed a spiny frog
   704 | D        | Killed a giant frog
   705 | D        | Killed a giant frog
   705 | D        | Killed a porcupine
   706 | D        | Killed an iguana
   706 | D        | Killed a hippogriff
   707 | D        | Killed a crocodile
   708 | D        | Killed a crocodile
   708 | D        | Killed a boring beetle
   710 | D        | Killed a basilisk
   710 | D        | Gained mutation: Your mind is acute. (Int +2) [Jiyva's grace]
   711 | D        | Killed an iguana
   723 | D        | Lost mutation: Your mind is acute. (Int +2) [Jiyva's grace]
   726 | D        | Lost mutation: You evolve. [Jiyva's grace]
   734 | D        | Got the amulet "Motimol" {Spirit Str+4 Int+3}
   744 | D        | Entered arena 19.
   748 | D        | Noticed a red devil
   748 | D        | Noticed Ghaxtykk the pandemonium lord
   748 | D        | Noticed Stuagha the pandemonium lord
   749 | D        | Noticed Texuy the pandemonium lord
   749 | D        | Noticed an ice devil
   749 | D        | Noticed a golden dragon
   749 | D        | Noticed Zaipluhu the pandemonium lord
   749 | D        | Noticed Ukepteviurch the pandemonium lord
   749 | D        | Noticed a ynoxinul
   749 | D        | Noticed Hyaklup the pandemonium lord
   749 | D        | Noticed an orange demon
   749 | D        | Noticed an iron devil
   749 | D        | Noticed an infernal black sun
   749 | D        | Noticed an ice devil
   750 | D        | Noticed a large abomination
   750 | D        | Noticed Kemorar the pandemonium lord
   750 | D        | Noticed Pemuj the pandemonium lord
   750 | D        | Noticed a ynoxinul
   750 | D        | Noticed a smoke demon
   750 | D        | Noticed Xaecudo the pandemonium lord
   750 | D        | Noticed a large abomination
   750 | D        | Noticed a neqoxec
   750 | D        | Noticed a blue devil
   751 | D        | Noticed an iron dragon
   753 | D        | Noticed a shadow dragon
   757 | D        | Noticed a storm dragon
   757 | D        | Killed a ynoxinul
   759 | D        | Mangled by Texuy the pandemonium lord

Action                   |  1- 3 |  4- 6 |  7- 9 | 10-12 | 13-15 || total
-------------------------+-------+-------+-------+-------+-------++-------
Melee: Broad axe         |     1 |     6 |    33 |    69 |    72 ||   181
Invok: Jelly Paralyse    |       |       |     4 |     2 |       ||     6
  Use: Scroll            |       |       |       |       |     1 ||     1
 Stab: Confused          |       |       |       |       |     2 ||     2
       Distracted        |       |       |       |       |     1 ||     1
